 Dungeon Crawl Stone Soup version 0.16.2-12-gd0ad4c3 (webtiles) character file.

168 DarkTechnomancer the Conjurer (level 5, -6/28 HPs)
             Began as a Gargoyle Wizard on Oct 25, 2015.
             Killed by divine providence
             ... invoked by an orc priest
              (12 damage)
             ... on level 3 of the Dungeon.
             The game lasted 00:21:05 (2087 turns).

DarkTechnomancer the Conjurer (Gargoyle Wizard)     Turns: 2087, Time: 00:21:05

Health: -6/28      AC:  7    Str: 11    XL:     5   Next: 48%
Magic:  3/12       EV: 11    Int: 19    God:
Gold:   71         SH:  0    Dex:  8    Spells: 3 memorised, 4 levels left

rFire  . . .     SeeInvis .     m - +0 quarterstaff
rCold  . . .     Clarity  .     a - +0 robe
rNeg   + . .     SustAb   .     (no shield)
rPois  ∞         Gourm    .     b - +0 hat
rElec  +         Spirit   .     (no cloak)
rCorr  .         Warding  .     g - +0 pair of gloves
rMut   .         Stasis   .     (no boots)
MR     .....                    (no amulet)
Stlth  ++........               (no ring)
                                (no ring)

@: very slightly contaminated, invisible, not resistant to hostile enchantments,
unstealthy
A: negative energy resistance 1, electricity resistance, unbreathing,
petrification resistance, rot immunity, AC +4
a: no special abilities


You were on level 3 of the Dungeon.
You were hungry.

You visited 1 branch of the dungeon, and saw 3 of its levels.

You collected 71 gold pieces.

Inventory:

Hand weapons
 m - a +0 quarterstaff (weapon)
Missiles
 e - 17 stones (quivered)
Armour
 a - a +0 robe (worn)
 b - a +0 hat (worn)
 g - a +0 pair of gloves (worn)
Scrolls
 h - a scroll of remove curse
 j - a scroll of magic mapping {unknown}
 l - a scroll of amnesia {unknown}
Potions
 f - a potion of invisibility
 i - a potion of restore abilities {unknown}
Books
 c - a book of Minor Magic

   Spells                             Type                      Level
   a - Magic Dart                     Conjuration                  1
   b - Blink                          Translocation                2
   c - Call Imp                       Summoning                    2
   d - Repel Missiles                 Charms/Air                   2
   e - Slow                           Hexes                        2
   f - Conjure Flame                  Conjuration/Fire             3
   g - Mephitic Cloud                 Conjuration/Poison/Air       3
Comestibles
 d - 4 bread rations
 k - 2 meat rations


   Skills:
 - Level 1.5 Dodging
 - Level 2.1 Stealth
 + Level 3.8 Spellcasting
 * Level 4.9 Conjurations
   Level 0.8 Summonings
   Level 0.8 Translocations


You had 4 spell levels left.
You knew the following spells:

 Your Spells              Type           Power        Failure   Level  Hunger
a - Magic Dart            Conj           ###.         1%          1    None
b - Conjure Flame         Conj/Fire      ##......     17%         3    ###....
c - Mephitic Cloud        Conj/Pois/Air  #.......     21%         3    ###....


Dungeon Overview and Level Annotations

Branches:
Dungeon (3/15)

Altars:
Xom


Innate Abilities, Weirdness & Mutations

You are resistant to torment.
You are immune to poison.
Your stone body is very resilient (AC +4).
You resist negative energy.
You are resistant to electric shocks.
You can survive without breathing.
You are immune to petrification.
You are immune to rotting.


Message History

The orc shouts!
You barely miss the orc priest.
The orc priest is heavily wounded.
You are feeling hungry.
The orc priest barely misses you.
You catch the helpless orc priest completely off-guard!
You hit the orc priest.
The orc priest is almost dead.
The orc priest misses you.
You sock the orc priest!
You kill the orc priest!
You barely miss the orc. The orc barely misses you.
You hit the orc but do no damage. The orc barely misses you.
You barely miss the orc. The orc completely misses you.
You barely miss the orc. The orc hits you but does no damage.
You closely miss the orc. The orc hits you.
* * * LOW HITPOINT WARNING * * *
The orc priest mumbles some strange prayers to Beogh against you.
Something smites you!
You die...

###
#@#
#o#
#.#
#.#
#o#
#.#
#.#
#.#
#)#


You could see an orc priest and an orc.

Vanquished Creatures
  An orc priest (D:3)
  An orc wizard (D:3)
  4 adders (D:2)
  3 worms
  2 giant geckos
  An orc (D:3)
  A ball python (D:2)
  7 bats
  2 giant cockroaches
  2 hobgoblins
  4 jackals (D:2)
  7 kobolds
  2 quokkas (D:2)
  5 giant newts
  11 goblins
  5 rats
58 creatures vanquished.

Notes
Turn   | Place    | Note
--------------------------------------------------------------
     0 | D:1      | DarkTechnomancer, the Gargoyle Wizard, began the quest for the Orb.
     0 | D:1      | Reached XP level 1. HP: 10/10 MP: 4/4
   416 | D:1      | Reached XP level 2. HP: 9/15 MP: 1/6
   973 | D:2      | Reached XP level 3. HP: 19/19 MP: 0/8
  1165 | D:2      | Learned a level 3 spell: Conjure Flame
  1169 | D:2      | Learned a level 3 spell: Mephitic Cloud
  1424 | D:2      | Reached XP level 4. HP: 24/24 MP: 1/9
  1460 | D:2      | Found a shimmering altar of Xom.
  1684 | D:2      | Reached skill level 4 in Conjurations
  2069 | D:3      | Reached XP level 5. HP: 16/28 MP: 1/11
  2087 | D:3      | Killed from afar by an orc priest

Action                   |  1- 3 |  4- 6 || total
-------------------------+-------+-------++-------
Melee: Unarmed           |    18 |       ||    18
       Club              |    12 |       ||    12
       Quarterstaff      |       |    10 ||    10
 Cast: Magic Dart        |    88 |    63 ||   151
  Use: Scroll            |     3 |       ||     3
       Potion            |       |     1 ||     1
 Stab: Invisible         |       |     2 ||     2
  Eat: Chunk             |     1 |     2 ||     3
